 Dungeon Crawl Stone Soup version 0.30-a0-359-gd0147acb1a (webtiles) character file.

Game seed: 9636774533573203182

75611 wzrd the Bludgeoner (level 15, 0/147 HPs)
             Began as a Minotaur Berserker on Nov 11, 2022.
             Was a High Priest of Trog.
             Slain by a steelbarb worm (10 damage)
             ... on level 1 of the Spider Nest.
             The game lasted 01:27:55 (22220 turns).

wzrd the Bludgeoner (Minotaur Berserker)           Turns: 22220, Time: 01:27:55

Health: 0/147      AC: 36    Str: 32      XL:     15   Next: 10%
Magic:  0/14       EV: 12    Int:  6 (7)  God:    Trog [*****.]
Gold:   2634       SH:  8    Dex: 16      Spells: 14/14 levels left

rFire   + . .      SeeInvis +    B - +10 morningstar of Exoneration {vorpal, rElec rF+ Int+4}
rCold   . . .      Faith    .    u - +0 kite shield
rNeg    . . .      Spirit   .    f - +4 plate armour
rPois   +          Reflect  .    (helmet restricted)
rElec   +          Harm     .    D - +2 cloak of the Thief {*Fog Slay-2 SInv Stlth+}
rCorr   .          Rampage  .    P - +1 pair of gloves
Will    +....      Clarity  +    H - +2 pair of boots
Stlth   ..........               (no amulet)
HPRegen 0.44/turn                p - +4 ring of protection
MPRegen 0.14/turn                t - +6 ring of strength

@: spiked, on berserk cooldown, slowed, very slow
A: horns 2, retaliatory headbutt, agile 1, clarity, poison resistance
a: Renounce Religion, Berserk, Trog's Hand, Brothers in Arms


You were on level 1 of the Spider Nest.
You worshipped Trog.
Trog was extremely pleased with you.
You visited 4 branches of the dungeon, and saw 21 of its levels.

You collected 2634 gold pieces.

Inventory:

Hand Weapons
 B - the +10 morningstar of Exoneration (weapon) {vorpal, rElec rF+ Int+4}
   (You acquired it on level 9 of the Dungeon)

   It inflicts extra damage upon your enemies.
   Int:       It affects your intelligence (+4).
   rF:        It protects you from fire.
   rElec:     It insulates you from electricity.
Missiles
 k - a throwing net (quivered)
Armour
 f - a +4 plate armour (worn)
 u - a +0 kite shield (worn)
 D - the +2 cloak of the Thief (worn) {*Fog Slay-2 SInv Stlth+}
   (You acquired it on level 11 of the Dungeon)

   It may release a thick cloud of smoke when the wearer is hurt.
   Slay:      It affects your accuracy & damage with ranged weapons and melee
   (-2).
   SInv:      It lets you see invisible.
   Stlth:     It makes you more stealthy.
 H - a +2 pair of boots (worn)
 J - a +0 plate armour of fire resistance
 P - a +1 pair of gloves (worn)
 Q - a scarf of repulsion
Jewellery
 i - a ring of protection from cold
 o - a +4 ring of evasion
 p - a +4 ring of protection (left hand)
 s - a ring of fire
 t - a +6 ring of strength (right hand)
 w - a ring of poison resistance
 C - a ring of see invisible
 G - a +4 ring of protection
 K - a ring of flight
Wands
 j - a wand of charming (30)
 q - a wand of digging (7)
 v - a wand of mindburst (22)
 y - a wand of flame (63)
 N - a wand of polymorph (6)
Scrolls
 b - 2 scrolls of fog
 d - 7 scrolls of identify
 h - 2 scrolls of poison
 l - 3 scrolls of fear
 m - 2 scrolls of enchant weapon
 n - 8 scrolls of teleportation
 E - a scroll of blinking
 L - a scroll of silence
 M - 2 scrolls of brand weapon
Potions
 a - 3 potions of heal wounds
 c - 3 potions of haste
 e - 2 potions of magic
 g - 5 potions of curing
 r - a potion of mutation
 x - a potion of resistance
 z - 4 potions of lignification
 A - 4 potions of brilliance
 F - 3 potions of ambrosia
 I - a potion of flight
 O - a potion of cancellation


   Skills:
 + Level 17.5 Fighting
 + Level 17.5 Maces & Flails
 + Level 17.3 Armour
 + Level 11.4 Dodging
 + Level 1.7 Shields


You had 14 spell levels left.
You didn't know any spells.
Your spell library contained the following spells:

 Spells                   Type           Power      Damage    Failure   Level
 Animate Armour           Summ/Erth      0%         N/A       100%        4
 Blade Hands              Tmut           0%         N/A       100%        5
 Iron Shot                Conj/Erth      0%         9d1       100%        6


Dungeon Overview and Level Annotations

Branches:
Dungeon (14/15)            Temple (0/1) D:4            Lair (5/5) D:10
  Swamp (0/4) Lair:3       Spider (1/4) Lair:2        Slime (0/5) Lair:5
    Orc (1/2) D:11
 Vaults: D:13-14

Altars:
Ashenzari
Elyvilon
Hepliaklqana
Kikubaaqudgha
Makhleb
Okawaru
Sif Muna
Trog
Uskayaw
Vehumet
Yredelemnul
Zin
The Shining One
Jiyva

Portals:
Hell: Lair:5

Annotations:
Lair:2 2 transporters


Innate Abilities, Weirdness & Mutations

You have a pair of horns on your head.
You reflexively headbutt those who attack you in melee.
You are agile. (Dex +4, Str/Int -1)
You possess an exceptional clarity of mind.
Your system is resistant to poisons. (rPois)


Message History

The ghost moth stares at you.
You feel your power leaking away.
The ghost moth hits you but does no damage.
The ghost moth closely misses you.
The ghost moth stings you but does no damage.
You sock the ghost moth!
You headbutt the ghost moth, but do no damage.
The ghost moth is severely wounded.
The redback's soul is no longer bound.
The boulder beetle's soul is no longer bound.
The redback closely misses you. You furiously retaliate!
You headbutt the redback!
The redback's wounds heal themselves!
The ghost moth stares at you. The ghost moth closely misses you.
The ghost moth misses you. The ghost moth stings you!
* * * LOW HITPOINT WARNING * * *
You block the redback's attack. The culicivora closely misses you.
The ghost moth closely misses you. You furiously retaliate!
You headbutt the ghost moth.
The ghost moth hits you but does no damage.
You block the ghost moth's attack.
As you read the scroll of fear, it crumbles to dust.
You assume a fearsome visage.
The redback looks frightened!
The culicivora looks frightened!
The ghost moth looks frightened!
The boulder beetle looks frightened!
The boulder beetle leaps!
A steelbarb worm comes into view.
The boulder beetle leaps!
The ghost moth stares at you.
You feel your power leaking away. The steelbarb worm hits you!
* * * LOW HITPOINT WARNING * * *
Barbed spikes become lodged in your body.
The barbs in your skin will harm you if you move.
Continue? [Y]es or [N]o only, please.
The barbs in your skin will harm you if you move.
Continue?
The barbed spikes dig painfully into your body as you move.
* * * LOW HITPOINT WARNING * * *
A redback comes into view.
The steelbarb worm hits you!
You die...

°..# ##.. ^##...### #...
.... .B##..##.##^## #...
... #.#.. #......## #.#
#..#>.. .s##.†..<# #..
#..#°.##..#####..####..
#.......^##..#..#[#...
#..†##†..#..........
#.....#......##...#.
#$w@..#..#...#...#..
#..##.....#...#.....
#.s.#..†....#...#...##
#....##.)...#..#####....
#....#..###.#..#####.#..
......#......†####......#
.#y#^...##..#..##.#.#....
..#...##...#.........#..
###~.....##.....#.##..


You could see a boulder beetle, a ghost moth (invisible, fleeing), a steelbarb
worm and a redback (wandering).

Vanquished Creatures
  Mlioglotl (Spider:1)
  Asterion (Spider:1)
  The ghost of Okkes the Summoner, a journeyman OgSu of Gozag (Lair:2)
  2 dire elephants (Lair:5)
  An entropy weaver (Spider:1)
  A rakshasa (D:13)
  3 hydras
  5 two-headed ogres
  5 centaur warriors
  5 death yaks (Lair:5)
  A sixfirhy (Lair:5)
  2 skeletal warriors (D:14)
  2 pharaoh ants (Spider:1)
  2 bog bodies (Lair:3)
  2 orb spiders (Spider:1)
  A lindwurm (Lair:5)
  A wizard (Lair:5)
  A deep elf pyromancer (D:13)
  3 wolf spiders (Spider:1)
  An ugly thing (D:12)
  6 manticores
  2 orc sorcerers (D:10)
  A moth of wrath (Spider:1)
  7 cyclopes
  15 elephants
  4 black mambas
  2 gargoyles (D:13)
  Joseph (Lair:1)
  2 torpor snails
  2 orange demons (Lair:5)
  10 cane toads
  6 rime drakes
  3 demonic crawlers (Spider:1)
  4 komodo dragons
  An unseen horror (D:9)
  4 yaktaurs (D:12)
  A hellwing (Lair:5)
  4 ice devils (Lair:5)
  2 efreet (D:13)
  4 polar bears (Lair:3)
  7 trolls
  Grinder (D:3)
  3 meliai (D:14)
  3 tarantellas (Spider:1)
  5 blink frogs (Lair:5)
  2 hornets (D:9)
  3 dream sheep (Lair:5)
  Prince Ribbit (D:5)
  14 slime creatures
  6 jumping spiders
  A culicivora (Spider:1)
  Sigmund (D:5)
  A wyvern (Lair:5)
  2 water elementals (D:14)
  7 wraiths
  3 basilisks
  10 redbacks (Spider:1)
  40 yaks
  2 steam dragons
  A swamp worm (Lair:3)
  5 vampire mosquitoes
  Edmund (D:5)
  3 acid dragons
  3 wargs (D:10)
  3 hell hounds (Lair:5)
  6 water moccasins
  An ice beast (D:8)
  A sky beast (D:7)
  6 orc warriors
  4 black bears
  10 centaurs
  14 wolves
  2 kobold brigands
  2 phantoms
  Blork the orc (D:6)
  4 bullfrogs
  A gnoll sergeant (D:6)
  2 scorpions (D:5)
  A necrophage (D:8)
  8 wights
  5 spriggan skeletons (D:9)
  4 electric eels
  6 howler monkeys
  A troll skeleton (D:9)
  6 hounds
  9 orc priests
  3 iguanas
  11 orc wizards
  Robin (D:2)
  3 gnolls (D:6)
  7 adders
  A shadow imp (D:8)
  3 white imps
  41 orcs
  6 endoplasms
  12 giant cockroaches
  24 goblins
  10 hobgoblins
  3 jackals (D:5)
  14 kobolds
  6 quokkas
  11 ball pythons
  4 bats
  2 frilled lizards
  4 rats
  A fungus (Lair:3)
  4 toadstools (D:7)
515 creatures vanquished.

Vanquished Creatures (collateral kills)
  A two-headed ogre (D:10)
  A skeletal warrior (D:13)
  2 orc priests (D:10)
  5 orcs (D:10)
9 creatures vanquished.

Vanquished Creatures (others)
  A quokka (D:13)
  32 fungi
  40 plants
73 creatures vanquished.

Grand Total: 597 creatures vanquished

Notes
Turn   | Place    | Note
-------+----------+-------------------------------------------
     0 | D:1      | wzrd the Minotaur Berserker began the quest for the Orb.
     0 | D:1      | Reached XP level 1. HP: 19/19 MP: 0/0
   146 | D:1      | Reached XP level 2. HP: 27/27 MP: 1/1
   465 | D:1      | You fall into a shaft and drop 1 floor!
   484 | D:2      | Noticed Robin
   492 | D:2      | Reached ** piety under Trog
   495 | D:2      | Killed Robin
   496 | D:2      | Reached XP level 3. HP: 33/33 MP: 2/2
   810 | D:2      | Found a hide-covered altar of Uskayaw.
   928 | D:2      | Reached XP level 4. HP: 41/41 MP: 3/3
  1527 | D:2      | Gained mutation: Your spells are a little easier to cast,
                  | but a little less powerful. [potion of mutation]
  1527 | D:2      | Gained mutation: You have a pair of large horns on your
                  | head. [potion of mutation]
  1859 | D:3      | Identified the +1 chain mail of the Valley of Death {Harm
                  | *Corrode Int+5}
  2354 | D:3      | Noticed Grinder
  2356 | D:3      | Paralysed by Grinder for 4 turns
  2367 | D:3      | Killed Grinder
  2368 | D:3      | Reached skill level 5 in Fighting
  2368 | D:3      | Reached skill level 5 in Maces & Flails
  2368 | D:3      | Reached XP level 5. HP: 49/49 MP: 4/4
  2368 | D:3      | Reached XP level 6. HP: 56/56 MP: 5/5
  2613 | D:4      | Found a glowing silver altar of Zin.
  2694 | D:4      | Reached skill level 5 in Armour
  2796 | D:4      | Reached *** piety under Trog
  2804 | D:4      | Found a shimmering blue altar of Sif Muna.
  2856 | D:4      | Noticed an orc warrior
  2863 | D:4      | Killed an orc warrior
  3015 | D:4      | Found a bloodstained altar of Trog.
  3130 | D:4      | Found a staircase to the Ecumenical Temple.
  3337 | D:4      | Reached XP level 7. HP: 63/63 MP: 6/6
  3708 | D:5      | Entered Level 5 of the Dungeon
  3747 | D:5      | Noticed Sigmund
  3755 | D:5      | Killed Sigmund
  3836 | D:5      | Noticed Prince Ribbit
  3845 | D:5      | Killed Prince Ribbit
  3903 | D:5      | Reached XP level 8. HP: 73/73 MP: 7/7
  3971 | D:5      | Found an ancient bone altar of Kikubaaqudgha.
  3997 | D:5      | Noticed Edmund
  4010 | D:5      | Killed Edmund
  5249 | D:6      | Lost mutation: Your spells are a little easier to cast, but
                  | a little less powerful. [potion of mutation]
  5249 | D:6      | Lost mutation: You have a pair of large horns on your head.
                  | [potion of mutation]
  5249 | D:6      | Gained mutation: You are clumsy. (Dex -2) [potion of
                  | mutation]
  5249 | D:6      | Gained mutation: You are partially covered in iridescent
                  | scales. (AC +2) [potion of mutation]
  5294 | D:6      | Noticed Blork the orc
  5307 | D:6      | Killed Blork the orc
  5405 | D:6      | Reached XP level 9. HP: 78/82 MP: 8/8
  5935 | D:7      | Reached **** piety under Trog
  6132 | D:7      | Found a glowing golden altar of the Shining One.
  6677 | D:7      | Found a white marble altar of Elyvilon.
  7055 | D:7      | Found a basalt altar of Yredelemnul.
  7140 | D:8      | Reached skill level 10 in Fighting
  7161 | D:8      | Reached skill level 10 in Maces & Flails
  7515 | D:8      | Reached skill level 10 in Armour
  7685 | D:8      | Found a broken altar of Ashenzari.
  7687 | D:8      | Found a hazy altar of Hepliaklqana.
  7690 | D:8      | Found a radiant altar of Vehumet.
  7891 | D:9      | Identified 3 scrolls of acquirement
  7891 | D:9      | Acquired the +10 morningstar of Exoneration {vorpal, rElec
                  | rF+ Int+4}
  7896 | D:9      | Acquired a ring of see invisible
  7900 | D:9      | Acquired 712 gold pieces
  7907 | D:9      | Identified the +0 chain mail of Retz {Dex+9 Stlth+}
  7915 | D:9      | Found an iron altar of Okawaru.
  7950 | D:9      | Paralysed by a hornet for 2 turns
  7957 | D:9      | Reached XP level 10. HP: 84/94 MP: 9/9
  8082 | D:9      | Found a burning altar of Makhleb.
  8222 | D:9      | Lost mutation: You are clumsy. (Dex -2) [potion of
                  | mutation]
  8222 | D:9      | Lost mutation: You are partially covered in iridescent
                  | scales. (AC +2) [potion of mutation]
  8222 | D:9      | Gained mutation: Your magical capacity is low. (-10% MP)
                  | [potion of mutation]
  8222 | D:9      | Gained mutation: Your system is resistant to poisons.
                  | (rPois) [potion of mutation]
  8222 | D:9      | Gained mutation: Your spells are a little harder to cast,
                  | but a little more powerful. [potion of mutation]
  8839 | D:9      | Reached ***** piety under Trog
  9067 | D:10     | Entered Level 10 of the Dungeon
  9080 | D:10     | Found a transporter.
  9081 | D:10     | Found a transporter.
  9081 | D:10     | Noticed a two-headed ogre
  9082 | D:10     | Noticed a two-headed ogre
  9082 | D:10     | Noticed an orc sorcerer
  9083 | D:10     | Noticed a two-headed ogre
  9085 | D:10     | Noticed an orc sorcerer
  9120 | D:10     | Killed a two-headed ogre
  9123 | D:10     | Killed an orc sorcerer
  9146 | D:10     | Killed an orc sorcerer
  9151 | D:10     | Killed a two-headed ogre
  9152 | D:10     | Reached XP level 11. HP: 49/104 MP: 8/8
  9153 | D:10     | Killed a two-headed ogre
  9684 | D:10     | Found a staircase to the Lair.
  9767 | D:10     | Noticed a two-headed ogre
  9773 | D:10     | Killed a two-headed ogre
 10879 | D:11     | Found a staircase to the Orcish Mines.
 11071 | D:11     | Acquired the +2 cloak of the Thief {*Fog Slay-2 SInv
                  | Stlth+}
 11071 | D:11     | Found the +2 cloak of the Thief {*Fog Slay-2 SInv Stlth+}
 11175 | D:11     | Found a bloodstained altar of Trog.
 11800 | D:12     | Noticed a white ugly thing
 11812 | D:12     | Killed a white ugly thing
 11981 | D:12     | Reached XP level 12. HP: 58/116 MP: 9/9
 12545 | D:12     | Reached skill level 5 in Dodging
 13023 | D:13     | Noticed a two-headed ogre
 13029 | D:13     | Killed a two-headed ogre
 13036 | D:13     | Noticed a centaur warrior
 13039 | D:13     | Killed a centaur warrior
 13328 | D:13     | Noticed a centaur warrior
 13334 | D:13     | Killed a centaur warrior
 13428 | D:13     | Noticed a two-headed ogre
 13434 | D:13     | Killed a two-headed ogre
 13675 | D:13     | Noticed a centaur warrior
 13684 | D:13     | Killed a centaur warrior
 13904 | D:13     | Noticed a five-headed hydra
 13912 | D:13     | Killed a five-headed hydra
 13967 | D:13     | Noticed a rakshasa
 13983 | D:13     | Killed a rakshasa
 13984 | D:13     | Reached skill level 15 in Fighting
 13984 | D:13     | Reached XP level 13. HP: 99/126 MP: 10/10
 14091 | D:13     | Found a white marble altar of Elyvilon.
 14146 | D:13     | Reached skill level 15 in Maces & Flails
 14738 | D:14     | Reached skill level 15 in Armour
 15848 | Orc:1    | Entered Level 1 of the Orcish Mines
 16336 | Lair:1   | Entered Level 1 of the Lair of Beasts
 16479 | Lair:1   | Identified the +3 ring mail "Toziukho" {rPois rC- Int+4
                  | Stlth+}
 16685 | Lair:1   | Noticed Joseph
 16696 | Lair:1   | Killed Joseph
 16711 | Lair:1   | Lost mutation: Your magical capacity is low. (-10% MP)
                  | [potion of mutation]
 16711 | Lair:1   | Lost mutation: Your spells are a little harder to cast, but
                  | a little more powerful. [potion of mutation]
 16711 | Lair:1   | Gained mutation: You are agile. (Dex +4, Str/Int -1)
                  | [potion of mutation]
 16711 | Lair:1   | Gained mutation: You possess an exceptional clarity of
                  | mind. [potion of mutation]
 17074 | Lair:2   | Found a runed translucent door.
 17079 | Lair:2   | Noticed Okkes's ghost (journeyman OgSu)
 17089 | Lair:2   | Killed Okkes's ghost
 17178 | Lair:2   | Found a transporter.
 17313 | Lair:2   | Found a hole to the Spider Nest.
 17515 | Lair:2   | Found a transporter.
 18511 | Lair:3   | Found a staircase to the Swamp.
 19013 | Lair:4   | Reached XP level 14. HP: 137/137 MP: 13/13
 19226 | Lair:4   | Received a gift from Trog
 19739 | Lair:5   | Entered Level 5 of the Lair of Beasts
 19781 | Lair:5   | Reached skill level 10 in Dodging
 19962 | Lair:5   | Found a staircase to the Slime Pits.
 19963 | Lair:5   | Found a viscous altar of Jiyva.
 20648 | Lair:5   | Found a burning altar of Makhleb.
 20973 | Lair:5   | Found a gateway to Hell.
 21675 | Spider:1 | Entered Level 1 of the Spider Nest
 21764 | Spider:1 | Noticed Asterion
 21775 | Spider:1 | Killed Asterion
 21788 | Spider:1 | Noticed Mlioglotl
 21797 | Spider:1 | Noticed a balrug
 21804 | Spider:1 | Killed Mlioglotl
 22172 | Spider:1 | Received a gift from Trog
 22173 | Spider:1 | Reached XP level 15. HP: 134/147 MP: 14/14
 22190 | Spider:1 | Reached skill level 1 in Shields
 22220 | Spider:1 | Slain by a steelbarb worm

Illustrated notes

Levels and vault maps discovered:
D:1:      dpeg_arrival_ratfight, layout_basic, grunt_decor_arrowhead
D:2:      layout_rooms, basic_altar, minmay_fractal_squares_5, uniq_robin
D:3:      layout_loops_corners, serial_bayou_lagoon_a,
          nicolae_concentric_dashed_squares_mild, uniq_grinder
D:4:      layout_loops_ring, nzn_overflow_gifts_of_might_and_magic,
          amcnicky_altar_gilded, minmay_temple_entry_drinking_statues,
          grunt_decor_cap, grunt_ministairs_10, st_stairs_6,
          chequers_hall_statues_wall_a
D:5:      layout_basic, mainiacjoe_overflow_tiny_flanked, uniq_edmund,
          uniq_prince_ribbit1, uniq_sigmund
D:6:      layout_basic, uniq_blork_the_orc
D:7:      layout_basic, kennysheep_ying_yang, mainiacjoe_overflow_paths,
          minmay_gold_behind_fungi
D:8:      layout_cave_pools, gammafunk_temple_overflow_forgotten
D:9:      layout_basic, mainiacjoe_overflow_brackets,
          mainiacjoe_overflow_surrounded_room, enter_bailey_3,
          hangedman_tell_no_tales
D:10:     gammafunk_beogh_shrine, layout_stronghold, erik_lair_orcish_takeover
D:11:     layout_loops_cross, orc_david_3, trog_three_pillars_becter
D:12:     layout_long_grid
D:13:     nicolae_hexawheel, layout_long_grid, elyvilon_altar_4
D:14:     layout_basic, david_vaults_3, minivault_23,
          nicolae_ashenzari_panopticon, uniq_nessos
Lair:1:   layout_chaotic_city, uniq_joseph
Lair:2:   gammafunk_cloud_chamber, layout_chaotic_city,
          spider_nest_entry_rubble, ebering_ghost_reflecting_pool,
          chequers_serial_rivers_large_b
Lair:3:   beast_lair_carwin_large_2, layout_hall_layers,
          nicolae_swamp_entry_splash_gauntlet
Lair:4:   layout_loops_ring, kennysheep_catoblepas_arena
Lair:5:   evil_forest, layout_long_grid, slime_entry_1, grunt_megastairs_2
Spider:1: layout_spider_delve, nicolae_spider_claw_tunnel, uniq_mlioglotl,
          uniq_asterion
Orc:1:    layout_caves, nicolae_volcano_entry_lava_flow, mines2_david

Skill      XL: |  1  2  3  4  5  6  7  8  9 10 11 12 13 14 15 |
---------------+----------------------------------------------+-----
Maces & Flails | 4 5 6 7 8 10 12 13 14 16 17 | 17.5
Fighting       | 4 5 6 7 8 10 12 13 15 16 17 | 17.5
Armour         | 3 4 5 6 8 10 12 13 14 16 17 | 17.3
Dodging        | 4 7 9 11 | 11.4
Shields        | 1 |  1.7

Action                   |  1- 3 |  4- 6 |  7- 9 | 10-12 | 13-15 || total
-------------------------+-------+-------+-------+-------+-------++-------
Melee: Mace              |    84 |    82 |       |       |       ||   166
       Headbutt          |    11 |    16 |    56 |    68 |   154 ||   305
       Flail             |       |    15 |   271 |       |       ||   286
       Morningstar       |       |       |    18 |   307 |   629 ||   954
       Punch             |       |       |     4 |     4 |    12 ||    20
Invok: Berserk           |     1 |     4 |     6 |    10 |    12 ||    33
       Trog's Hand       |       |     2 |       |     2 |     1 ||     5
       Brothers in Arms  |       |       |       |     3 |     1 ||     4
Evoke: Wand              |       |       |       |     3 |       ||     3
  Use: Scroll            |     4 |     2 |    10 |     7 |     9 ||    32
       Potion            |       |     4 |     4 |     4 |     3 ||    15
Armor: Animal skin       |     6 |       |       |       |       ||     6
       Plate armour      |   110 |    61 |   184 |   251 |   440 ||  1046
Dodge: Dodged            |    52 |    29 |    92 |   134 |   370 ||   677
Block: Kite shield       |       |       |       |       |    38 ||    38

Table legend: (Time is in decaauts)
 A = Elapsed time spent in this place.
 B = Non-inter-level travel time spent in this place.
 C = Inter-level travel time spent in this place.
 D = Time resting spent in this place.
 E = Time spent auto-exploring this place.
 F = Levels seen in this place.
 G = Mean time per level.
                   A        B        C        D        E       F      G
               +--------+--------+--------+--------+--------+-----+--------+
         Total |  22353 |  22270 |     83 |   5616 |   9738 |  21 | 1064.4 |
       Dungeon |  16478 |  16395 |     83 |   4503 |   7532 |  14 | 1177.0 |
          Lair |   5322 |   5322 |      0 |    835 |   2204 |   5 | 1064.4 |
   Spider Nest |    547 |    547 |      0 |    277 |      2 |   1 |  547.0 |
  Orcish Mines |      5 |      5 |      0 |      0 |      0 |   1 |    5.0 |
               +--------+--------+--------+--------+--------+-----+--------+

Top non-repeatable levels by time:
    D:13: 2624 daAuts
    D:10: 1819 daAuts
    D:11: 1557 daAuts
  Lair:5: 1446 daAuts
     D:9: 1249 daAuts
     D:7: 1205 daAuts
  Lair:2: 1168 daAuts
  Lair:3: 1152 daAuts
     D:2: 1149 daAuts
     D:5: 1140 daAuts
     D:4: 1132 daAuts
     D:6: 1067 daAuts
    D:12: 1048 daAuts
     D:3: 1039 daAuts
  Lair:4: 851 daAuts
